 Dungeon Crawl Stone Soup version 0.30-a0-578-gdee14c521f (webtiles) character file.

Game seed: 10542453752818694860

1570 bande the Chopper (level 8, -3/50 HPs)
             Began as a Gargoyle Fighter on Jan 1, 2023.
             Killed from afar by an electric eel (4 damage)
             ... with a bolt of electricity
             ... on level 6 of the Dungeon.
             The game lasted 00:09:01 (5676 turns).

bande the Chopper (Gargoyle Fighter)                Turns: 5676, Time: 00:09:01

Health: -3/50      AC: 20    Str: 19    XL:     8   Next: 90%
Magic:  8/8        EV:  5    Int: 10    God:
Gold:   1215       SH:  5    Dex: 17    Spells: 7/7 levels left

rFire   . . .      SeeInvis .    a - +1 war axe (drain)
rCold   . . .      Faith    .    c - +0 buckler
rNeg    + . .      Spirit   .    h - +0 plate armour
rPois   ∞          Reflect  .    z - +0 helmet
rElec   +          Harm     .    B - +0 cloak
rCorr   .          Rampage  .    (no gloves)
Will    +....                    (no boots) Stlth
                                 (no amulet)
HPRegen 0.28/turn                w - ring of willpower
MPRegen 0.11/turn                v - +6 ring of dexterity

@: very slow
A: sickness immunity, AC +5, negative energy resistance 1, electricity
resistance, torment resistance 1, petrification resistance
a: no special abilities


You were on level 6 of the Dungeon.
You visited 1 branch of the dungeon, and saw 6 of its levels.

You collected 1215 gold pieces.

Inventory:

Hand Weapons
 a - a +1 war axe of draining (weapon)
 u - a +0 war axe
Armour
 c - a +0 buckler (worn)
 h - a +0 plate armour (worn)
 z - a +0 helmet (worn)
 B - a +0 cloak (worn)
Jewellery
 g - a ring of see invisible
 m - a +4 ring of protection
 t - a ring of magical power
 v - a +6 ring of dexterity (right hand)
 w - a ring of willpower (left hand)
 D - a ring of ice
Wands
 x - a wand of roots (9)
Scrolls
 e - a scroll of enchant weapon
 f - 2 scrolls of teleportation
 o - 4 scrolls of fear
 r - 2 scrolls of poison
Potions
 b - a potion of brilliance
 d - 4 potions of might
 j - a potion of heal wounds
 l - a potion of mutation {unknown}
 p - 4 potions of curing
 q - a potion of invisibility {unknown}
 C - a potion of ambrosia {unknown}


   Skills:
 + Level 5.5 Fighting
 + Level 7.0 Axes
 + Level 5.9 Armour
 + Level 4.6 Shields
 * Level 3.3 Evocations


You had 7 spell levels left.
You didn't know any spells.
Your spell library contained the following spells:

 Spells                   Type           Power      Damage    Failure   Level
 Poisonous Vapours        Pois/Air       0%         N/A       100%        2
 Ignite Poison            Fire/Tmut/Pois 0%         N/A       100%        3
 Mephitic Cloud           Conj/Pois/Air  0%         N/A       100%        3
 Sticky Flame             Conj/Fire      0%         2d3       100%        4
 Ignition                 Fire           0%         3d3       100%        8
 Cigotuvi's Dreadful Rot  Necr/Pois/Air  Unusable   N/A       N/A         2

Dungeon Overview and Level Annotations

Branches:
Dungeon (6/15)
 Temple: D:4-7

Altars:
Qazlal


Innate Abilities, Weirdness & Mutations

You are immune to sickness and miasma.
Your stone body is resilient. (AC +5)
You are immune to poison.
You resist negative energy. (rN+)
You are resistant to electric shocks. (rElec)
You are resistant to unholy torment.
You are immune to petrification.


Message History

The bolt of electricity hits you but does no damage.
You resist.
You see here a hound corpse.
Unknown command.
Why would you want to do that?
Unknown command.
Unknown command.
The electric eel shoots out a bolt of lightning at you!
The bolt of electricity hits the electric eel.
The electric eel completely resists.
The bolt of electricity hits you. You resist.
* * * LOW HITPOINT WARNING * * *
The dart slug launches a dart at you.
The slug dart hits you but does no damage.
The electric eel shoots out a bolt of lightning at you!
The bolt of electricity hits the electric eel.
The electric eel completely resists.
The bolt of electricity hits you. You resist.
* * * LOW HITPOINT WARNING * * *
The electric eel shoots out a bolt of lightning at you!
The bolt of electricity hits you. You resist.
* * * LOW HITPOINT WARNING * * *
The bolt of electricity hits you but does no damage.
You resist.
The bolt of electricity hits the electric eel.
The electric eel completely resists.
The electric eel shoots out a bolt of lightning at you!
The bolt of electricity hits you. You resist.
* * * LOW HITPOINT WARNING * * *
The bolt of electricity hits you. You resist.
* * * LOW HITPOINT WARNING * * *
The bolt of electricity hits the electric eel.
The electric eel completely resists.
You see here a dart slug corpse.
Your unstable footing causes you to fumble your attack.
The dart slug launches a dart at you.
The slug dart hits you but does no damage.
The electric eel shoots out a bolt of lightning at you!
The bolt of electricity hits you. You resist.
You die...

.# #!# #..# ...~~.~~.. #.#
##.# ##.~~~~#~≈.## #.# #.#
##≈w≈≈≈~~≈~≈≈#### #.# #.#
.#~≈≈≈≈~~≈≈≈≈≈##.###.# #.#
..≈≈≈≈≈~≈#≈#≈≈≈......# #.#
#≈~≈≈≈≈~≈≈≈≈≈≈~~####.# #.#
≈≈~S~~~~~#~≈~≈S#~###(# #.#
~≈~†.~~...w~w≈†@w....######
#.#
.~~†..÷)<..⌠.<~S..##......#
~≈~.~~~$..~!.!S~~########.#
#≈#≈?~≈≈~~≈≈~≈~≈≈########.#
#≈#≈≈≈≈~~~≈≈≈≈#.........#
.~ #≈≈≈~~≈≈≈≈~.#.#########
.# ~≈≈~~~≈≈≈≈#≈#..#
.#w~~≈≈≈#~≈≈###.#
..~~≈≈#~~.##


You could see 3 electric eels and 3 dart slugs.

Vanquished Creatures
  Sigmund (D:2)
  A shadow (D:5)
  A water moccasin (D:6)
  An ice beast (D:4)
  A sky beast (D:6)
  An ogre (D:5)
  A phantom (D:5)
  A necrophage (D:4)
  2 scorpions
  A gnoll sergeant (D:5)
  An electric eel (D:6)
  A hound (D:6)
  5 orc priests
  3 iguanas (D:6)
  An orc wizard (D:6)
  Robin (D:4)
  3 gnolls
  10 adders
  2 white imps
  5 dart slugs
  13 orcs
  6 endoplasms
  2 giant cockroaches
  19 goblins
  11 hobgoblins
  3 jackals (D:4)
  2 quokkas
  3 ball pythons
  6 bats
  2 frilled lizards (D:1)
  11 kobolds
  8 rats
129 creatures vanquished.

Vanquished Creatures (others)
  An adder (D:6)
  3 dart slugs (D:6)
  10 plants
14 creatures vanquished.

Grand Total: 143 creatures vanquished

Notes
Turn   | Place    | Note
-------+----------+-------------------------------------------
     0 | D:1      | bande the Gargoyle Fighter began the quest for the Orb.
     0 | D:1      | Reached XP level 1. HP: 14/14 MP: 1/1
   229 | D:1      | Reached skill level 2 in Axes
   238 | D:1      | Reached XP level 2. HP: 19/19 MP: 2/2
   821 | D:1      | Reached XP level 3. HP: 24/24 MP: 3/3
  1338 | D:2      | Reached skill level 3 in Axes
  1338 | D:2      | Reached XP level 4. HP: 29/29 MP: 4/4
  1388 | D:2      | Noticed Sigmund
  1400 | D:2      | Killed Sigmund
  1401 | D:2      | Reached skill level 4 in Axes
  1401 | D:2      | Reached XP level 5. HP: 29/33 MP: 5/5
  1401 | D:2      | Reached XP level 6. HP: 34/38 MP: 6/6
  1814 | D:3      | You fall into a shaft and drop 2 floors!
  1814 | D:5      | Entered Level 5 of the Dungeon
  2381 | D:3      | Found a faded altar of an unknown god.
  2443 | D:4      | Noticed an ice beast
  2446 | D:4      | Killed an ice beast
  2616 | D:4      | Noticed Robin
  2631 | D:4      | Killed Robin
  2958 | D:4      | Identified a scroll of acquirement
  2958 | D:4      | Acquired 957 gold pieces
  3019 | D:4      | Reached skill level 1 in Evocations
  3028 | D:4      | Reached skill level 5 in Axes
  3028 | D:4      | Reached XP level 7. HP: 44/44 MP: 7/7
  3993 | D:5      | Reached skill level 6 in Axes
  3993 | D:5      | Reached skill level 5 in Armour
  3993 | D:5      | Reached XP level 8. HP: 8/48 MP: 8/8
  4215 | D:5      | Noticed a shadow
  4229 | D:5      | Killed a shadow
  4230 | D:5      | Reached skill level 5 in Fighting
  5337 | D:6      | Found a stormy altar of Qazlal.
  5525 | D:6      | Reached skill level 7 in Axes
  5675 | D:6      | HP: 2/50 [electric eel/bolt of electricity (1)]
  5676 | D:6      | Killed from afar by an electric eel

Illustrated notes

Levels and vault maps discovered:
D:1:      psy_arrival_statuary, layout_loops_corners, chequers_big_river,
          nrook_loot_triangle, wad_floor_pattern_1
D:2:      layout_basic, serial_bayou, serial_bayou_ford_a, serial_bayou_pond_a,
          serial_bayou_pond_e, serial_bayou_pond_e, kennysheep_generic_room_3,
          uniq_sigmund
D:3:      layout_rooms, ebering_ecumenical_altar_petrified
D:4:      kennysheep_goblin_castle, layout_loops_ring, hangedman_glass_teeth
D:5:      layout_rooms
D:6:      kennysheep_slugbush, layout_loops_ring, mainiacjoe_overflow_alcove_4,
          hangedman_decor_clover_reticule, minmay_diced_spiral

Skill      XL: |  1  2  3  4  5  6  7  8 |
---------------+-------------------------+-----
Axes           | 2 3 4 5 6 7 |  7.0
Fighting       | 4 5 |  5.5
Armour         | 4 5 |  5.9
Shields        | 4 |  4.6
Evocations     | 1 2 3 |  3.3

Action                   |  1- 3 |  4- 6 |  7- 9 || total
-------------------------+-------+-------+-------++-------
Melee: War axe           |    97 |   113 |   128 ||   338
  Use: Scroll            |       |    11 |     7 ||    18
Armor: Scale mail        |     6 |       |       ||     6
       Plate armour      |    62 |   103 |   114 ||   279
Dodge: Dodged            |    38 |    24 |    24 ||    86
Block: Buckler           |    27 |    36 |    29 ||    92

Table legend: (Time is in decaauts)
 A = Elapsed time spent in this place.
 B = Non-inter-level travel time spent in this place.
 C = Inter-level travel time spent in this place.
 D = Time resting spent in this place.
 E = Time spent auto-exploring this place.
 F = Levels seen in this place.
 G = Mean time per level.
                   A        B        C        D        E       F      G
               +--------+--------+--------+--------+--------+-----+--------+
         Total |   5825 |   5719 |    106 |   1613 |   2983 |   6 |  970.8 |
       Dungeon |   5825 |   5719 |    106 |   1613 |   2983 |   6 |  970.8 |
               +--------+--------+--------+--------+--------+-----+--------+

Top non-repeatable levels by time:
     D:5: 1661 daAuts
     D:4: 1434 daAuts
     D:1: 1073 daAuts
     D:2: 767 daAuts
     D:6: 515 daAuts
     D:3: 373 daAuts
